 Dungeon Crawl Stone Soup version 0.17.0-7-gfadd4cc (console) character file.

176 gw the Chiller (level 5, 0/40 HPs)
             Began as a Demigod Ice Elementalist on Nov 8, 2015.
             Slain by gw's ghost (5 damage)
             ... on level 4 of the Dungeon.
             The game lasted 00:04:22 (5081 turns).

gw the Chiller (Demigod Ice Elementalist)           Turns: 5081, Time: 00:04:22

Health: 0/40       AC:  4    Str: 11    XL:     5   Next: 8%
Magic:  0/12       EV: 12    Int: 21    God:
Gold:   206        SH:  0    Dex: 16    Spells: 4 memorised, 0 levels left

rFire  . . .     SeeInvis .     a - +0 flail
rCold  . . .     Clarity  .     d - +0 leather armour
rNeg   . . .     SustAt   +     (no shield)
rPois  .         Gourm    .     (no helmet)
rElec  .         Spirit   .     e - +0 cloak
rCorr  .         Warding  .     (no gloves)
rMut   .         Stasis   .     (no boots)
MR     .....                    (no amulet)
Stlth  ++........               (no ring)
                                (no ring)

@: very slightly contaminated, not resistant to hostile enchantments, unstealthy
A: high mp 1, sustain attributes
a: no special abilities


You were on level 4 of the Dungeon.
You were near starving.

You visited 1 branch of the dungeon, and saw 4 of its levels.

You collected 206 gold pieces.

Inventory:

Hand Weapons
 a - a +0 flail (weapon)
Missiles
 f - 14 arrows
Armour
 d - a +0 leather armour (worn)
 e - a +0 cloak (worn)
Books
 g - a book of Frost

   Spells                             Type                      Level
   a - Freeze                         Ice                          1
   b - Throw Frost                    Conjuration/Ice              2
   c - Ozocubu's Armour               Charms/Ice                   3
   d - Throw Icicle                   Conjuration/Ice              4
   e - Summon Ice Beast               Ice/Summoning                4
   f - Condensation Shield            Ice                          4
Comestibles
 c - 7 bread rations


   Skills:
 + Level 1.0 Fighting
 + Level 1.5 Maces & Flails
 + Level 1.4 Armour
 - Level 1.7 Dodging
 - Level 1.7 Stealth
 * Level 3.2 Spellcasting
 - Level 0.8 Conjurations
 + Level 3.4 Ice Magic


You couldn't memorise any spells.
You knew the following spells:

 Your Spells              Type           Power        Failure   Level  Hunger
a - Freeze                Ice            ###.         4%          1    None
b - Throw Frost           Conj/Ice       ##....       14%         2    ##.....
c - Ozocubu's Armour      Chrm/Ice       ##......     24%         3    ###....
d - Throw Icicle          Conj/Ice       ##......     82%         4    ####...


Dungeon Overview and Level Annotations

Branches:
Dungeon (4/15)
 Temple: D:4-7

Annotations:
D:3 exclusion: downstairs, gw's ghost, weakling MfBe
D:4 gw's ghost, amateur MfBe; gw's ghost, weakling MfBe


Innate Abilities, Weirdness & Mutations

You have an increased reservoir of magic (+10% MP).
Your attributes are resistant to harm.


Message History

Unknown command.
Unknown command.
Unknown command.
Casting: Freeze
Confirm with . or Enter, or press ? or * to list all spells.
Aiming: Freeze
Press: ? - help, Shift-Dir - straight line, f - gw's ghost, p - gw's ghost
Aim: gw's ghost (heavily damaged)
You miscast Freeze.
You are very lightly contaminated with residual magic.
Nothing appears to happen.
Gw's ghost hits you. Gw's ghost hits you!
Casting: Freeze
Confirm with . or Enter, or press ? or * to list all spells.
Aiming: Freeze
Press: ? - help, Shift-Dir - straight line, f/p - gw's ghost
Aim: gw's ghost (heavily damaged)
You freeze gw's ghost.
Gw's ghost is heavily damaged.
Gw's ghost hits you.
You die...

#.......#.#.#.....+...........>#
#.......#.....#####.....######?#
+..._...'...#...........# #.#
.....!.)#..............## #.#
).......#####...##...#.# #.#
.........#...........#.# #.#
}.##'##.}........#<..#.# #.##
###...#.##.....WW###.#.# #...
#...#........#p....#.##########
#.. #........#######...........
## ##...............###########
..........#######.#
#...................#
#..######...........# #..
+...........#
##.######...........#####.#
.......<ยค................#


You could see 2 gw's ghosts.

Table legend:
 A = Turns spent in this place as a percentage of turns spent in the entire game.
 B = Non-inter-level travel turns spent in this place as a percentage of non-inter-level travel turns spent in the entire game.
 C = Inter-level travel turns spent in this place as a percentage of turns spent in this place.
 D = Turns resting spent in this place as a percentage of non-inter-level travel turns spent in this place.
 E = Turns spent auto-exploring this place as a percentage of non-inter-level travel turns spent in this place.
 F = Non-inter-level travel turns spent in this place divided by the number of levels of this place that you've seen.
                   A       B       C       D       E      F
               +-------+-------+-------+-------+-------+----------------------
         Total | 100.0 | 100.0 |   0.9 |   2.1 |   2.0 | 1561.8
       Dungeon | 100.0 | 100.0 |   0.9 |   2.1 |   2.0 | 1561.8
               +-------+-------+-------+-------+-------+----------------------

Table legend:
 A = Kills in this place as a percentage of kills in entire the game.
 B = Kills by you in this place as a percentage of kills by you in the entire game.
 C = Kills by friends in this place as a percentage of kills by friends in the entire game.
 D = Other kills in this place as a percentage of other kills in the entire game.
 E = Experience gained in this place as a percentage of experience gained in the entire game.
 F = Experience gained in this place divided by the number of levels of this place that you have seen.
                   A       B       C       D       E      F
               +-------+-------+-------+-------+-------+----------------------
         Total | 100.0 | 100.0 |  -nan |  -nan | 100.0 |  63.0
       Dungeon | 100.0 | 100.0 |  -nan |  -nan | 100.0 |  63.0
               +-------+-------+-------+-------+-------+----------------------

Vanquished Creatures
  An orc priest (D:3)
  A worker ant (D:4)
  3 adders (D:2)
  An ooze (D:3)
  An adder skeleton (D:4)
  5 worms
  2 giant geckos
  5 orcs
  7 bats
  5 giant cockroaches
  5 goblins
  4 hobgoblins
  11 jackals
  3 quokkas
  A ball python (D:2)
  3 giant newts
  5 kobolds
  5 rats
68 creatures vanquished.

Notes
Turn   | Place    | Note
--------------------------------------------------------------
     0 | D:1      | gw the Demigod Ice Elementalist began the quest for the Orb.
     0 | D:1      | Reached XP level 1. HP: 14/14 MP: 5/5
   254 | D:1      | Found a shimmering altar of Xom.
   536 | D:1      | Reached XP level 2. HP: 20/20 MP: 4/7
   608 | D:1      | Learned a level 2 spell: Throw Frost
  1055 | D:2      | Reached XP level 3. HP: 24/27 MP: 0/9
  1135 | D:2      | Learned a level 3 spell: Ozocubu's Armour
  1253 | D:2      | Reached skill level 3 in Ice Magic
  1639 | D:2      | Found a sacrificial altar of Ru.
  1639 | D:2      | Found a white marble altar of Elyvilon.
  1639 | D:2      | Found a blossoming altar of Fedhas.
  1639 | D:2      | Found a radiant altar of Vehumet.
  1692 | D:2      | Found a basalt altar of Yredelemnul.
  1692 | D:2      | Found an iron altar of Okawaru.
  2137 | D:2      | Found a faded altar to an unknown god.
  2144 | D:2      | Reached skill level 1 in Armour
  2851 | D:3      | Reached XP level 4. HP: 34/34 MP: 6/11
  2946 | D:3      | Reached skill level 1 in Maces & Flails
  3231 | D:3      | Reached skill level 1 in Fighting
  3788 | D:3      | Noticed gw's ghost (weakling MfBe)
  4004 | D:4      | Noticed gw's ghost (amateur MfBe)
  4013 | D:4      | Found a shattered altar of Ashenzari.
  4067 | D:4      | Reached XP level 5. HP: 29/40 MP: 2/12
  4166 | D:4      | Learned a level 4 spell: Throw Icicle
  4638 | D:4      | HP: 1/40 [gw's ghost (7)]
  5021 | D:4      | Found a glowing golden altar of the Shining One.
  5081 | D:4      | Slain by gw's ghost

Action                   |  1- 3 |  4- 6 || total
-------------------------+-------+-------++-------
Melee: Whip              |    12 |    11 ||    23
       Flail             |       |     1 ||     1
 Cast: Freeze            |    38 |    47 ||    85
       Throw Frost       |    35 |    45 ||    80
  Eat: Chunk             |     7 |     8 ||    15

Vault maps used:
D:1:      dpeg_arrival_round_c, xom_teletrap_fun
D:2:      minmay_overflow_temple_hex, ecumenical_altar_2
D:3:      kennysheep_big_flooded_room, kennysheep_pointless_box
D:4:      old_standard_altar, evilmike_ruin_ashenzari, first_bread
